 Dungeon Crawl Stone Soup version 0.25.0-9-g26727b657a (webtiles) character file.

Game seed: 1655763022113477866

122336 grindst0ne the Fighter (level 16, -10/105 HPs)
             Began as a Tengu Ice Elementalist on June 19, 2020.
             Was the Champion of Vehumet.
             Collided with a stone wall (11 damage)
             ... caused by a naga mage
             ... on level 4 of the Snake Pit on June 20, 2020.
             The game lasted 02:58:14 (42220 turns).

grindst0ne the Fighter (Tengu Ice Elementalist)    Turns: 42220, Time: 02:58:15

Health: -10/105    AC:  9    Str:  9    XL:     16   Next: 87%
Magic:  0/42       EV: 24    Int: 22    God:    Vehumet [******]
Gold:   684        SH:  5    Dex: 15    Spells: 9/39 levels left

rFire    + + .     SeeInvis .   M - staff of earth
rCold    + + .     Gourm    .   (no shield)
rNeg     . . .     Faith    .   Z - +4 leather armour of Obladic {rC+}
rPois    +         Spirit   .   (helmet restricted)
rElec    .         Reflect  +   w - scarf {rC+ rF+}
rCorr    .         Harm     .   g - +1 pair of gloves "Rout" {rPois Regen+}
MR       +....                  (boots unavailable)
Stlth    ++........             b - amulet of reflection
HPRegen  0.67/turn              f - ring of wizardry
MPRegen  0.28/turn              B - ring of magical power

@: lethally poisoned (-10 -> -10), flying quickly and evasively, hasted, very
quick
A: beak, talons 3, fire resistance 1, able to fly
a: Stop Flying, Renounce Religion


You were on level 4 of the Snake Pit.
You worshipped Vehumet.
Vehumet was exalted by your worship.
You were not hungry.

You visited 5 branches of the dungeon, and saw 28 of its levels.
You also visited: Sewer and Ossuary.

You collected 2946 gold pieces.
You spent 2262 gold pieces at shops.

Inventory:

Hand Weapons
 u - a +0 demon trident
Missiles
 s - 63 poisoned darts (quivered)
 E - 11 javelins
 P - 2 silver javelins
 Q - 3 throwing nets
 W - 7 curare-tipped darts
Armour
 g - the +1 pair of gloves "Rout" (worn) {rPois Regen+}
   (You found it on level 1 of the Lair of Beasts)

   It protects you from poison.
   It increases your rate of regeneration.
 w - a scarf of resistance (worn)
 R - a +0 troll leather armour
 Z - the +4 leather armour of Obladic (worn) {rC+}
   (You found it on level 4 of the Lair of Beasts)

   It protects you from cold.
Magical Staves
 t - an uncursed staff of fire
 M - an uncursed staff of earth (weapon)
Jewellery
 b - an amulet of reflection (around neck)
 f - a ring of wizardry (left hand)
 m - the ring of Pempuw {Fire rN+}
   (You found it on level 6 of the Lair of Beasts)

   [ring of fire]

   It enhances your fire magic.
   It protects you from fire.
   It makes you vulnerable to cold.
   It protects you from negative energy.
 q - an uncursed amulet of magic regeneration {unknown}
 r - a +4 ring of protection
 B - a ring of magical power (right hand)
 C - a cursed amulet of regeneration {unknown}
 I - an uncursed amulet of guardian spirit {unknown}
 S - a +6 ring of intelligence
 T - an uncursed amulet of the acrobat {unknown}
 Y - an uncursed amulet of guardian spirit {unknown}
Wands
 d - a wand of paralysis (1)
 o - a wand of acid (1)
 v - a wand of random effects (12)
 J - a wand of enslavement (16)
 U - a wand of polymorph (29)
 V - a wand of flame (28)
Scrolls
 j - 3 scrolls of vulnerability
 k - 7 scrolls of magic mapping
 y - 2 scrolls of blinking {unknown}
 D - 3 scrolls of fog
 K - 2 scrolls of enchant weapon
 L - 3 scrolls of enchant armour
 N - a scroll of silence
 O - 9 scrolls of remove curse
Potions
 a - a potion of flight {unknown}
 e - 3 potions of stabbing
 h - 2 potions of might
 i - 2 potions of ambrosia {unknown}
 l - 6 potions of resistance
 n - 4 potions of haste
 p - 3 potions of invisibility
 x - 5 potions of brilliance
 z - a potion of magic {unknown}
 A - 4 potions of curing
 H - 2 potions of mutation
Comestibles
 c - 31 rations


   Skills:
 - Level 13.7 Fighting
 - Level 13.2 Dodging
 - Level 2.0 Stealth
 * Level 12.1 Spellcasting
 + Level 12.7 Conjurations
 + Level 9.4 Summonings
 + Level 3.5 Translocations
 - Level 11.0 Ice Magic
 - Level 7.1 Air Magic
 - Level 5.0 Earth Magic
 - Level 5.0 Evocations


You had 9 spell levels left.
You knew the following spells:

 Your Spells              Type           Power        Failure   Level  Hunger
a - Freeze                Ice            ####         1%          1    None
c - Summon Ice Beast      Ice/Summ       ######..     1%          4    None
d - Blink                 Tloc           N/A          1%          2    None
e - Hailstorm             Conj/Ice       ######..     1%          4    None
f - Lee's Rapid Deconstr  Erth           ######....   3%          5    ####...
g - Spellforged Servitor  Conj/Summ      ######....   7%          7    #######
i - Stone Arrow           Conj/Erth      ######       1%          3    None
j - Summon Lightning Spi  Summ/Air       #####...     1%          4    None

Your spell library contained the following spells:

 Spells                   Type           Power        Failure   Level  Hunger
 Lehudib's Crystal Spear  Conj/Erth      ######....   69%         8    #######
 Apportation              Tloc           ####..       1%          1    None
 Sandblast                Erth           ######       1%          1    None
 Summon Butterflies       Summ           ######..     1%          1    None
 Summon Small Mammal      Summ           ####         1%          1    None
 Call Imp                 Summ           ######..     1%          2    None
 Passwall                 Tmut/Erth      #####...     1%          2    None
 Shroud of Golubria       Chrm/Tloc      ###...       1%          2    None
 Call Canine Familiar     Summ           ######..     1%          3    None
 Frozen Ramparts          Ice            ######       1%          3    None
 Gell's Gravitas          Tloc           ####......   1%          3    None
 Lesser Beckoning         Tloc           ####......   1%          3    None
 Ozocubu's Armour         Chrm/Ice       #####...     1%          3    None
 Recall                   Summ/Tloc      N/A          1%          3    None
 Summon Guardian Golem    Hex/Summ       ####....     1%          3    None
 Teleport Other           Tloc           ####....     1%          3    None
 Animate Skeleton         Necr           N/A          2%          1    None
 Corona                   Hex            ##.....      2%          1    None
 Pain                     Necr           ##..         2%          1    None
 Passage of Golubria      Tloc           N/A          6%          4    None
 Confusing Touch          Hex            ##......     9%          3    None
 Tukima's Dance           Hex            ##......     9%          3    None
 Vampiric Draining        Necr           ##........   9%          3    None
 Metabolic Englaciation   Hex/Ice        #####.....   9%          5    ####...
 Petrify                  Tmut/Erth      #####...     10%         4    None
 Yara's Violent Unravell  Hex/Tmut       ##........   19%         5    ####...
 Animate Dead             Necr           N/A          26%         4    None
 Agony                    Necr           ##......     56%         5    ####...
 Alistair's Intoxication  Tmut/Pois      ##......     56%         5    ####...
 Invisibility             Hex            ##......     98%         6    #####..
 Controlled Blink         Tloc           N/A          100%        8    #######


Dungeon Overview and Level Annotations

Branches:
Dungeon (15/15)            Temple (1/1) D:6            Lair (6/6) D:10
 Shoals (0/4) Lair:2        Snake (4/4) Lair:2        Slime (0/5) Lair:5
    Orc (2/2) D:9             Elf (0/3) Orc:2        Vaults (0/5) D:13
 Depths (0/5) D:15          Sewer (visited)         Ossuary (visited)

Altars:
Ashenzari
Cheibriados
Dithmenos
Elyvilon
Fedhas
Gozag
Hepliaklqana
Kikubaaqudgha
Makhleb
Nemelex Xobeh
Okawaru
Qazlal
Ru
Sif Muna
Trog
Uskayaw
Vehumet
Wu Jian
Xom
Yredelemnul
Zin
The Shining One
Beogh
Jiyva

Shops:
D:5 }   D:13 *   Orc:2 (?:%   Snake:1 **

Portals:
Pandemonium: Orc:2

Annotations:
D:3 3 runed translucent doors, protoss039's ghost, amateur DrAE
D:5 exclusion: downstairs
Orc:1 exclusion: 2 downstairs
Orc:2 Donald


Innate Abilities, Weirdness & Mutations

You have a beak for a mouth.
You have claws for feet.
You can fly continuously.
Your flesh is heat resistant. (rF+)


Message History

You hear a sizzling splash. x2
The guardian serpent completely misses you.
Casting: Hailstorm (safe; 1% risk of failure)
Confirm with . or Enter, or press ? or * to list all spells.
You blink.
Casting: Blink (safe; 1% risk of failure)
Confirm with . or Enter, or press ? or * to list all spells.
You blink.
The naga misses you. You block the naga's attack.
The naga warrior spits poison at you. The splash of poison misses you.
The splash of poison hits the naga.
The salamander mystic casts a spell at something.
Casting: Blink (safe; 1% risk of failure)
Confirm with . or Enter, or press ? or * to list all spells.
You blink.
You feel sick.
The naga mage gestures at you while chanting.
The lance of force hits you!
* * * LOW HITPOINT WARNING * * *
You are knocked back by the lance of force.
You slam into the stone wall!
You die...

#.......≈≈.......#..##
#.§..NN.≈≈N......#...##
#...N§(§§§≈N†....#.....
####N#N§§≈≈§#'####.....
#...§§≈§§§§N...#.#.._.
..#.##.NN≈≈≈§§§NN.##......
##.#.###...≈§≈≈N§.####...†. #
# %N#.# ##...NNN§§## #....#
#.#. ...# ##@)N§N§## #.##.#
..%.##%.# ######## #.##.#
.....#..# #.##..
........#################.####
.....N..S.....................
.....Y.............#........[.
.....8..##.....#.....####.####
.......#######...##...# #.#
......# #..### #.###.##


You could see 3 nagarajas, 2 salamander mystics, 3 naga ritualists, 2 naga magi
and a naga.

Vanquished Creatures
  4 nagarajas
  An ettin (D:15)
  An ogre mage (D:15)
  Josephine (D:13)
  A hydra (D:14)
  4 naga warriors
  2 catoblepae (Lair:6)
  A centaur warrior (D:14)
  4 anacondas
  2 two-headed ogres
  A tengu warrior (D:15)
  3 death yaks (Lair:6)
  4 orc high priests (Orc:2)
  3 naga sharpshooters (Snake:3)
  3 sun demons
  4 shock serpents
  A deep elf knight (D:15)
  A fire crab (Lair:6)
  A sea snake (Snake:4)
  A deep troll (D:15)
  2 salamander mystics (Snake:4)
  2 unseen horrors
  A swamp dragon (shapeshifter) (D:13)
  A naga ritualist (Snake:4)
  An infernal demonspawn (Orc:2)
  A deep elf archer (D:13)
  5 orc knights
  3 mana vipers
  A wolf spider (Lair:6)
  2 lindwurms
  4 orc sorcerers (Orc:2)
  7 deep elf magi
  A manticore (Lair:6)
  3 cyclopes
  2 slime creatures (D:14)
  10 salamanders
  An ugly thing (D:12)
  A centaur zombie (D:13)
  10 black mambas
  Joseph (D:8)
  3 guardian serpents
  A smoke demon (D:13)
  3 elephants (Lair:2)
  4 naga magi
  7 spiny frogs
  3 gargoyles
  A rime drake (Lair:1)
  2 kobold demonologists
  8 komodo dragons
  A freezing wraith (D:14)
  3 red devils (D:13)
  3 trolls
  2 polar bears
  Prince Ribbit (D:8)
  18 blink frogs
  3 dream sheep (Lair:6)
  7 hippogriffs
  A shadow (D:14)
  A ynoxinul (Orc:2)
  3 wyverns
  A vampire (D:14)
  68 yaks
  A wraith (D:13)
  A hungry ghost (D:11)
  3 basilisks
  A neqoxec (Orc:2)
  30 nagas
  2 wargs
  A soldier ant (D:13)
  7 water moccasins
  An ice beast (D:11)
  2 porcupines
  An acid dragon (D:13)
  A hornet zombie (D:8)
  4 black bears
  2 sky beasts
  2 necrophages (D:11)
  29 orc warriors
  11 ogres
  5 centaurs
  6 wolves
  15 bullfrogs
  11 crocodiles
  An elf zombie (Ossuary)
  A wyvern zombie (D:10)
  2 gnoll sergeants
  A wyvern skeleton (D:8)
  5 scorpions
  An electric eel (Lair:2)
  15 killer bees
  6 wights
  6 howler monkeys
  6 crimson imps
  A bullfrog zombie (D:11)
  4 hounds
  A quasit (D:9)
  5 jellies
  6 bullfrog skeletons
  26 orc priests
  4 centaur skeletons
  3 iguanas
  Ijyb (D:5)
  20 orc wizards
  5 worker ants
  A hound skeleton (D:11)
  A mummy (Ossuary)
  25 gnolls
  A howler monkey skeleton (D:6)
  9 adders
  3 shadow imps
  3 oozes
  An adder skeleton (D:5)
  2 worms (D:3)
  A dart slug (D:1)
  4 leopard geckos
  81 orcs
  3 ball pythons
  3 bats
  4 giant cockroaches
  6 goblins
  7 hobgoblins
  6 jackals
  11 kobolds
  5 quokkas
  14 frilled lizards
  8 hobgoblin zombies (Ossuary)
  4 kobold zombies (Ossuary)
  12 orc zombies (Ossuary)
  A quokka skeleton (D:7)
  8 rats
  A plant (D:10)
727 creatures vanquished.

Vanquished Creatures (collateral kills)
  A nagaraja (Snake:3)
  Harold (Orc:1)
  A naga warrior (Snake:2)
  2 catoblepae
  5 hydras
  A centaur warrior (D:13)
  Erica (Lair:2)
  2 death yaks (Lair:6)
  A two-headed ogre (D:15)
  2 naga sharpshooters (Snake:3)
  2 orc high priests (Orc:2)
  Sonja (Orc:2)
  A skeletal warrior (D:13)
  A sea snake (Snake:4)
  A torturous demonspawn (Orc:2)
  An infernal demonspawn (Orc:2)
  A wizard (D:14)
  2 orc knights
  3 mana vipers
  8 deep elf magi
  2 ugly things (D:12)
  4 oklob plants (Lair:4)
  An orc sorcerer (Orc:2)
  A salamander (Snake:4)
  A manticore (Lair:6)
  A cyclops (D:13)
  An elephant (Lair:2)
  A guardian serpent (Snake:3)
  3 centaur zombies
  5 naga magi
  3 centaur skeletons
  10 black mambas
  4 spiny frogs
  A rime drake (Lair:6)
  4 komodo dragons
  3 polar bears
  3 red devils
  A merfolk (D:10)
  A troll (D:10)
  9 blink frogs
  2 hippogriffs
  A slime creature (D:14)
  2 dream sheep (Lair:6)
  A spriggan (D:10)
  2 wraiths (D:13)
  5 yaks (Lair:6)
  2 basilisks
  A human (D:10)
  An acid dragon (D:12)
  14 nagas
  2 wargs (Orc:1)
  A water moccasin (Lair:4)
  A porcupine (Lair:4)
  6 orc warriors
  11 ice beasts
  2 centaurs
  4 ogres
  3 wolves
  A crocodile (Lair:5)
  A bullfrog (D:14)
  A wight (D:6)
  An electric eel (Orc:2)
  A howler monkey (D:11)
  6 orc priests
  An iguana (D:12)
  4 orc wizards
  A shadow imp (D:11)
  15 orcs
  A fungus (Lair:6)
191 creatures vanquished.

Vanquished Creatures (others)
  A black mamba (Snake:4)
  A guardian serpent (Snake:3)
  A naga (Snake:4)
  12 fungi
  51 plants
66 creatures vanquished.

Grand Total: 984 creatures vanquished

Notes
Turn   | Place    | Note
-------+----------+-------------------------------------------
     0 | D:1      | grindst0ne the Tengu Ice Elementalist began the quest for
                  | the Orb.
     0 | D:1      | Reached XP level 1. HP: 10/10 MP: 4/4
   210 | D:1      | Reached XP level 2. HP: 15/15 MP: 4/6
   658 | D:1      | Reached XP level 3. HP: 12/19 MP: 2/7
  1163 | D:1      | Learned a level 3 spell: Frozen Ramparts
  1455 | D:2      | Reached XP level 4. HP: 23/24 MP: 2/9
  2000 | D:2      | Found an iron altar of Okawaru.
  2170 | D:2      | Gained mutation: You can fly continuously. [Tengu growth]
  2170 | D:2      | Reached XP level 5. HP: 15/28 MP: 4/10
  2729 | D:3      | Noticed protoss039's ghost (amateur DrAE)
  2832 | D:3      | Reached XP level 6. HP: 18/32 MP: 6/12
  3021 | D:3      | Found a runed translucent gate.
  3021 | D:3      | Found a runed translucent gate.
  3021 | D:3      | Found a runed translucent gate.
  3346 | D:3      | Found a shimmering blue altar of Sif Muna.
  3537 | D:4      | Found a glowing drain.
  3550 | Sewer    | Entered a sewer
  4201 | D:4      | Found a sand-covered staircase.
  4205 | Ossuary  | Entered an ossuary
  4778 | Ossuary  | Reached skill level 5 in Ice Magic
  5227 | D:4      | Reached XP level 7. HP: 25/36 MP: 8/14
  5233 | D:4      | Learned a level 4 spell: Summon Ice Beast
  5558 | D:5      | Entered Level 5 of the Dungeon
  5591 | D:5      | Noticed Ijyb
  5612 | D:5      | Killed Ijyb
  5624 | D:5      | Reached skill level 5 in Dodging
  6126 | D:5      | Reached skill level 1 in Summonings
  6407 | D:5      | Found Qawoileaga's Gadget Shoppe.
  6426 | D:5      | Bought a wand of clouds (7) for 330 gold pieces
  7096 | D:6      | Reached skill level 1 in Evocations
  7152 | D:6      | Reached XP level 8. HP: 40/41 MP: 16/16
  7180 | D:6      | Found a shadowy altar of Dithmenos.
  7567 | D:6      | Learned a level 3 spell: Ozocubu's Armour
  7779 | D:6      | Found a staircase to the Ecumenical Temple.
  7801 | D:6      | Reached skill level 5 in Spellcasting
  7979 | Temple   | Entered the Ecumenical Temple
  8347 | D:6      | Found a bloodstained altar of Trog.
  8347 | D:6      | Found a radiant altar of Vehumet.
  8375 | D:6      | Became a worshipper of Vehumet
  8930 | D:6      | Learned a level 4 spell: Hailstorm
  9106 | D:7      | Noticed a hippogriff
  9138 | D:7      | Killed a hippogriff
  9161 | D:7      | Reached XP level 9. HP: 15/45 MP: 13/17
  9772 | D:7      | Reached * piety under Vehumet
  9772 | D:7      | Offered knowledge of Shock by Vehumet.
  9782 | D:7      | Learned a level 1 spell: Shock
 10372 | D:8      | Noticed Joseph
 10403 | D:8      | Killed Joseph
 10403 | D:8      | Reached skill level 5 in Evocations
 10683 | D:8      | Reached skill level 1 in Fighting
 10683 | D:8      | Reached skill level 1 in Conjurations
 11015 | D:8      | Noticed Prince Ribbit
 11021 | D:8      | Killed Prince Ribbit
 11088 | D:8      | Found a sparkling altar of Nemelex Xobeh.
 11102 | D:8      | Noticed a two-headed ogre
 11111 | D:8      | Killed a two-headed ogre
 11111 | D:8      | Reached ** piety under Vehumet
 11111 | D:8      | Reached XP level 10. HP: 18/56 MP: 18/18
 11472 | D:8      | Found a shattered altar of Ashenzari.
 11627 | D:8      | Offered knowledge of Foxfire by Vehumet.
 11725 | D:8      | Learned a level 1 spell: Summon Small Mammal
 11727 | D:8      | Learned a level 1 spell: Animate Skeleton
 12111 | D:8      | Found a sacrificial altar of Ru.
 12651 | D:9      | Offered knowledge of Static Discharge by Vehumet.
 12655 | D:9      | Reached skill level 5 in Fighting
 12707 | D:9      | Found a staircase to the Orcish Mines.
 13087 | D:9      | Reached skill level 5 in Conjurations
 13087 | D:9      | Reached *** piety under Vehumet
 13484 | D:9      | Found a roughly hewn altar of Beogh.
 13689 | D:10     | Entered Level 10 of the Dungeon
 13707 | D:10     | Reached XP level 11. HP: 59/64 MP: 15/19
 14301 | D:10     | Offered knowledge of Stone Arrow by Vehumet.
 14561 | D:10     | Found a staircase to the Lair.
 14703 | D:10     | Reached skill level 5 in Summonings
 15265 | D:11     | Learned a level 3 spell: Stone Arrow
 15321 | D:11     | Found a frozen archway.
 15441 | Lair:1   | Entered Level 1 of the Lair of Beasts
 15720 | Lair:1   | Got a pair of brightly glowing gloves
 15731 | Lair:1   | Identified the +1 pair of gloves "Rout" {rPois Regen+} (You
                  | found it on level 1 of the Lair of Beasts)
 16574 | Lair:2   | Found a staircase to the Shoals.
 16633 | Lair:2   | Found a staircase to the Snake Pit.
 16838 | Lair:2   | Reached **** piety under Vehumet
 16838 | Lair:2   | Reached skill level 10 in Dodging
 16924 | Lair:2   | Noticed Erica
 16933 | Lair:2   | Killed Erica
 17013 | Lair:2   | Offered knowledge of Dazzling Flash by Vehumet.
 17184 | Lair:2   | Found a hazy altar of Hepliaklqana.
 17225 | Lair:2   | Reached XP level 12. HP: 56/73 MP: 21/22
 19263 | Lair:4   | Got a faintly humming leather armour
 19274 | Lair:4   | Identified the +4 leather armour of Obladic {rC+} (You
                  | found it on level 4 of the Lair of Beasts)
 19591 | Lair:4   | Got a faintly glowing leather armour
 19601 | Lair:4   | Identified the cursed +0 leather armour of Gravity {Str+2}
                  | (You found it on level 4 of the Lair of Beasts)
 19629 | Lair:4   | Learned a level 4 spell: Summon Lightning Spire
 19861 | Lair:4   | Reached skill level 1 in Air Magic
 20359 | Lair:5   | Noticed an eight-headed hydra
 20365 | Lair:5   | Killed an eight-headed hydra
 20584 | Lair:5   | Reached ***** piety under Vehumet
 20584 | Lair:5   | Reached XP level 13. HP: 81/82 MP: 24/24
 20677 | Lair:5   | Reached skill level 10 in Ice Magic
 20818 | Lair:5   | Offered knowledge of Iskenderun's Battlesphere by Vehumet.
 20881 | Lair:5   | Reached skill level 10 in Fighting
 20906 | Lair:5   | HP: 3/82 [eight-headed hydra (2)]
 21418 | Lair:5   | Found a viscous altar of Jiyva.
 21418 | Lair:5   | Found a staircase to the Slime Pits.
 21671 | Lair:6   | Entered Level 6 of the Lair of Beasts
 22629 | Lair:6   | Reached skill level 10 in Conjurations
 22639 | Lair:6   | Reached skill level 5 in Air Magic
 23202 | Lair:6   | Reached XP level 14. HP: 90/90 MP: 10/27
 24021 | Lair:6   | Got a crude turquoise ring
 24023 | Lair:6   | Identified the ring of Pempuw {Fire rN+} (You found it on
                  | level 6 of the Lair of Beasts)
 24269 | D:10     | Learned a level 5 spell: Lee's Rapid Deconstruction
 25141 | D:11     | Found a glowing golden altar of the Shining One.
 25854 | D:12     | Reached skill level 1 in Earth Magic
 26099 | D:12     | Reached ****** piety under Vehumet
 26202 | D:12     | Offered knowledge of Freezing Cloud by Vehumet.
 26204 | D:12     | You are sucked into a shaft and drop 3 floors!
 26204 | D:15     | Entered Level 15 of the Dungeon
 26429 | D:13     | Noticed Josephine
 26439 | D:13     | Killed Josephine
 26605 | D:13     | Found Caimn's General Store.
 28086 | D:13     | Found a gate to the Vaults.
 28872 | D:14     | Reached XP level 15. HP: 77/97 MP: 10/28
 29185 | D:14     | Offered knowledge of Ozocubu's Refrigeration by Vehumet.
 30078 | D:15     | Found a shadowy altar of Dithmenos.
 30757 | D:15     | Found a staircase to the Depths.
 31030 | D:15     | Paralysed by an ogre mage for 2 turns
 31804 | Orc:1    | Entered Level 1 of the Orcish Mines
 32096 | Orc:1    | Found a roughly hewn altar of Beogh.
 32135 | Orc:1    | Noticed Harold
 32146 | Orc:1    | Killed Harold
 32174 | Orc:1    | Offered knowledge of Iron Shot by Vehumet.
 32723 | Orc:2    | Entered Level 2 of the Orcish Mines
 32733 | Orc:2    | Found a staircase to the Elven Halls.
 33721 | Orc:2    | Noticed Sonja
 33742 | Orc:2    | Killed Sonja
 34106 | Orc:2    | Found Xissiymn's Food Shop.
 34115 | Orc:2    | Offered knowledge of Spellforged Servitor by Vehumet.
 34335 | Orc:2    | Found Culoi's Magic Scroll Boutique.
 34745 | Orc:2    | Bought a scroll of identify for 28 gold pieces
 34791 | Orc:2    | Gained mutation: You tend to lose your temper in combat. [a
                  | neqoxec]
 34803 | Orc:2    | Lost mutation: You tend to lose your temper in combat.
                  | [potion of mutation]
 34803 | Orc:2    | Gained mutation: Your flesh is heat resistant. (rF+)
                  | [potion of mutation]
 34898 | Orc:2    | Noticed Donald
 35243 | Orc:2    | Paralysed by an orc sorcerer for 3 turns
 35472 | Orc:2    | Reached skill level 10 in Spellcasting
 35956 | Orc:2    | Reached skill level 5 in Earth Magic
 36239 | Orc:2    | Found Piseuwk's Book Emporium.
 36239 | Orc:2    | Found Ritesm's Antique Weapon Shoppe.
 36239 | Orc:2    | Found a one-way gate leading to the halls of Pandemonium.
 36245 | Orc:2    | Bought Jiacwiud's Disquisition on Unstable Curses for 1124
                  | gold pieces
 36245 | Orc:2    | Bought a book of Spatial Translocations for 780 gold pieces
 36338 | Orc:1    | Learned a level 7 spell: Spellforged Servitor
 36342 | Orc:1    | Learned a level 2 spell: Blink
 36458 | Snake:1  | Entered Level 1 of the Snake Pit
 36458 | Snake:1  | Found Igaig's General Store.
 36472 | Snake:1  | HP: 4/100 [shock serpent (12)]
 36474 | Snake:1  | Found Jaipnol's General Store.
 36476 | Snake:1  | You are sucked into a shaft and drop 1 floor!
 37441 | Snake:2  | Offered knowledge of Starburst by Vehumet.
 37446 | Snake:2  | Reached XP level 16. HP: 58/105 MP: 7/31
 38061 | Snake:3  | Noticed a nagaraja
 38077 | Snake:3  | Killed a nagaraja
 38185 | Snake:3  | Noticed a nagaraja
 38194 | Snake:3  | Killed a nagaraja
 38647 | Snake:3  | Reached skill level 1 in Translocations
 41056 | Snake:4  | Entered Level 4 of the Snake Pit
 41062 | Snake:4  | Noticed a nagaraja
 41181 | Snake:4  | Killed a nagaraja
 41182 | Snake:4  | Found an iron altar of Okawaru.
 41314 | Snake:4  | Noticed a nagaraja
 41324 | Snake:4  | Killed a nagaraja
 42195 | Snake:4  | Noticed a nagaraja
 42205 | Snake:4  | Noticed a nagaraja
 42205 | Snake:4  | Noticed a nagaraja
 42205 | Snake:4  | Noticed a nagaraja
 42205 | Snake:4  | Noticed a nagaraja
 42205 | Snake:4  | Noticed a nagaraja
 42212 | Snake:4  | Offered knowledge of Lehudib's Crystal Spear by Vehumet.
 42214 | Snake:4  | Killed a nagaraja
 42220 | Snake:4  | HP: 1/105 [naga mage/lance of force (9)]
 42220 | Snake:4  | Collided with a stone wall

Illustrated notes

Levels and vault maps discovered:
D:1:      roderic_octagonal_star, layout_loops_ring,
          hangedman_decor_clover_reticule
D:2:      layout_rooms, okawaru_metal_pillars_1_2
D:3:      layout_basic, led_sif_pool, first_ration, gammafunk_ghost_icy,
          st_stairs_11
D:4:      layout_cave_pools, cheibrodos_sewer_entry_drain, enter_ossuary_5,
          grunt_ministairs_1, fountainhead
D:5:      layout_loops_ring, serial_shops, shop_coins, hangedman_decor_growths,
          kennysheep_big_empty_room, minmay_strange_pillars, uniq_ijyb
D:6:      layout_loops_ring, gammafunk_temple_overflow_elements,
          minmay_temple_entry_tees, basic_altar
D:7:      layout_rooms
D:8:      layout_loops_ring, ashenzari_altar_1, kennysheep_little_box,
          nicolae_ru_path_of_blood, uniq_prince_ribbit1, uniq_joseph
D:9:      layout_basic, minmay_orc_entry_temple_small
D:10:     layout_small_grid, dpeg_oklobed_lair, hangedman_stone_soup
D:11:     minmay_bubble_buster, layout_long_grid,
          portal_ice_cave_entry_ice_beasts, serial_co_window_serial,
          co_window_paths_b, co_window_of_opportunity_a, co_window_paths_b,
          co_window_paths_b, co_window_paths_a, co_window_paths_a,
          co_window_paths_a, co_window_of_opportunity_c, co_window_corner_b,
          co_window_cross_4, co_window_4corner_b, co_window_4corner_a,
          glass_columns_c, glass_columns_a, glass_columns_a, glass_columns_a,
          glass_columns_c, tso_altar
D:12:     layout_cave_pools
D:13:     cheibrodos_quadrivalence, layout_basic,
          hangedman_vaults_entry_quadrant_bands, serial_shops,
          nicolae_shop_temple_entry_statues_fountains,
          nrook_guardian_serpent_ordinary, uniq_josephine
D:14:     layout_long_grid, chequers_serial_rivers_small_b
D:15:     hangedman_depths_entry_civil_slaughter, layout_grid_maze,
          grunt_decor_cap, nicolae_dithmenos_the_darkroom
Temple:   eino_temple_rhombus
Lair:1:   layout_cave_pods
Lair:2:   layout_regular_city, shoals_dummy_entry,
          minmay_snake_entry_guardpost_small, basic_altar, serial_bayou_pond_b,
          columned_hall_lemuel, uniq_erica
Lair:3:   layout_regular_city
Lair:4:   layout_gridlike, lemuel_fruit_tree, grunt_megastairs_2,
          minmay_lair_oklob_chamber
Lair:5:   layout_cave_shapes, slime_altar_1, grunt_megastairs_1
Lair:6:   evilmike_catoblepas_cave, layout_regular_city, serial_bayou_pond_c,
          grunt_megastairs_4
Snake:1:  layout_rooms, special_room, serial_shops, nicolae_shop_trees,
          nicolae_shop_statue_plus, nicolae_shop_crystal, st_stairs_7
Snake:2:  layout_grid_shapes, special_room
Snake:3:  layout_honeycomb
Snake:4:  snake_pit_salamanders_mu, layout_rooms, basic_altar,
          serial_bayou_lake_a
Orc:1:    layout_caves, basic_altar, uniq_harold
Orc:2:    pf_orc_diabolical, layout_caves, elves_outpost_lemuel, uniq_sonja,
          uniq_donald

Skill      XL: |  1  2  3  4  5  6  7  8  9 10 11 12 13 14 15 16 |
---------------+-------------------------------------------------+-----
Dodging        | 3 4 5 6 8 9 10 11 12 13 | 13.2
Ice Magic      | 4 5 6 8 9 10 11 | 11.0
Spellcasting   | 3 4 5 6 7 8 10 12 | 12.1
Summonings     | 2 4 6 7 9 |  9.4
Evocations     | 1 3 5 |  5.0
Fighting       | 3 6 8 9 11 12 13 | 13.7
Conjurations   | 3 5 7 9 10 11 12 | 12.7
Air Magic      | 2 5 7 |  7.1
Earth Magic    | 3 5 |  5.0
Translocations | 3 |  3.5
Stealth        | |  2.0

Action                   |  1- 3 |  4- 6 |  7- 9 | 10-12 | 13-15 | 16-18 || total
-------------------------+-------+-------+-------+-------+-------+-------++-------
Melee: Unarmed           |     4 |    11 |    71 |     6 |       |       ||    92
       Kick              |     4 |    23 |    21 |    32 |    35 |     5 ||   120
       Spear             |     5 |       |       |       |       |       ||     5
       Whip              |     3 |    20 |       |       |       |       ||    23
       Rapier            |       |    52 |       |       |       |       ||    52
       Peck              |       |    12 |    14 |    21 |    21 |     2 ||    70
       Staff             |       |       |       |    86 |   113 |    14 ||   213
Throw: Dart              |       |    22 |    79 |    77 |     2 |       ||   180
       Boomerang         |       |       |    29 |       |       |       ||    29
       Throwing net      |       |       |     3 |       |       |       ||     3
       Javelin           |       |       |       |    21 |       |       ||    21
 Cast: Freeze            |    43 |   122 |   111 |   331 |   337 |    58 ||  1002
       Frozen Ramparts   |       |     3 |    38 |    62 |    85 |       ||   188
       Summon Ice Beast  |       |       |     4 |    63 |   205 |    90 ||   362
       Shock             |       |       |    18 |    66 |       |       ||    84
       Ozocubu's Armour  |       |       |     1 |       |     7 |       ||     8
       Animate Skeleton  |       |       |       |     2 |       |       ||     2
       Summon Small Mamm |       |       |       |     1 |       |       ||     1
       Stone Arrow       |       |       |       |    36 |    90 |       ||   126
       Hailstorm         |       |       |       |     1 |   190 |   153 ||   344
       Summon Lightning  |       |       |       |       |    91 |     1 ||    92
       Lee's Rapid Decon |       |       |       |       |    12 |     2 ||    14
       Blink             |       |       |       |       |     6 |    11 ||    17
       Spellforged Servi |       |       |       |       |       |     2 ||     2
 Abil: Fly               |       |     1 |       |       |       |       ||     1
Evoke: Wand              |       |       |     7 |     4 |    13 |     2 ||    26
  Use: Scroll            |     2 |     4 |     2 |     6 |    22 |     1 ||    37
       Potion            |       |     3 |     7 |       |     8 |     2 ||    20
 Stab: Sleeping          |     2 |     1 |       |       |       |       ||     3
       Distracted        |       |       |       |     2 |     2 |       ||     4
       Paralysed         |       |       |       |       |       |     4 ||     4
  Eat: Chunk             |     2 |     9 |    13 |    40 |    64 |       ||   128
       Ration            |       |     1 |     2 |       |     6 |     5 ||    14
Armor: Robe              |     3 |    16 |    17 |    20 |       |       ||    56
       Skin              |       |     3 |       |       |       |       ||     3
       Troll leather arm |       |       |       |    24 |       |       ||    24
       Leather armour    |       |       |       |    15 |   115 |    19 ||   149
Dodge: Dodged            |    27 |   132 |   195 |   482 |   664 |   168 ||  1668
Block: Other             |       |       |       |   129 |   136 |    42 ||   307
       Reflection        |       |       |       |       |     9 |    10 ||    19
